 Dungeon Crawl Stone Soup version 0.23-a0-819-g6debee6 (console) character file.

35 Duffy the Conjurer (level 3, 19/19 HPs)
             Began as a Deep Elf Fire Elementalist on Jan 22, 2019.
             Was an Initiate of the Shining One.
             Quit the game on level 1 of the Dungeon.
             The game lasted 00:01:10 (1170 turns).

Duffy the Conjurer (Deep Elf Fire Elementalist)     Turns: 1170, Time: 00:01:10

Health: 19/19      AC:  3    Str:  5    XL:     3   Next: 17%
Magic:  9/9        EV: 13    Int: 20    God:    the Shining One [......]
Gold:   22         SH:  0    Dex: 15    Spells: 4/8 levels left

rFire    . . .     SeeInvis .   c - 2 rations
rCold    . . .     Gourm    .   (no shield)
rNeg     . . .     Faith    .   a - +0 robe
rPois    .         Spirit   .   e - +0 helmet
rElec    .         Reflect  .   (no cloak)
rCorr    .         Harm     .   (no gloves)
MR       .....                  (no boots)
Stlth    +.........             (no amulet)
HPRegen  0.06/turn              (no ring)
MPRegen  0.11/turn              (no ring)

@: glowing
A: no striking features
a: Renounce Religion


You were on level 1 of the Dungeon.
You worshipped the Shining One.
The Shining One was noncommittal.
You were not hungry.

You visited 1 branch of the dungeon, and saw 1 of its levels.

You collected 22 gold pieces.

Inventory:

Armour
 a - a +0 robe (worn)
 e - a +0 helmet (worn)
Scrolls
 d - a scroll of identify {unknown}
 g - a scroll of enchant armour {unknown}
Potions
 f - a potion of haste {unknown}
Comestibles
 c - 2 rations (in hand)


   Skills:
 - Level 2.4 Dodging
 - Level 2.4 Stealth
 + Level 3.1 Spellcasting
 + Level 3.3 Conjurations
 + Level 3.3 Fire Magic


You had 4 spell levels left.
You knew the following spells:

 Your Spells              Type           Power        Failure   Level  Hunger
h - Flame Tongue          Conj/Fire      ###..        3%          1    None
l - Conjure Flame         Conj/Fire      ###.....     11%         3    ###....

Your spell library contained the following spells:

 Spells                   Type           Power        Failure   Level  Hunger
 Throw Flame              Conj/Fire      ###...       5%          2    ##.....
 Inner Flame              Hex/Fire       #.......     22%         3    ###....
 Sticky Flame             Conj/Fire      ###.....     34%         4    ####...
 Fireball                 Conj/Fire      ###.......   69%         5    ######.


Dungeon Overview and Level Annotations

Branches:
Dungeon (1/15)

Altars:
The Shining One


Message History

Casting: Flame Tongue (safe; 3% risk of failure)
Confirm with . or Enter, or press ? or * to list all spells.
Aiming: Flame Tongue (safe; 3% risk of failure)
Press: ? - help, Shift-Dir - straight line, f/p - dart slug
Aim: a dart slug (almost dead, clinging)
The flame tongue hits the dart slug!
You kill the dart slug!
Casting: Flame Tongue (safe; 3% risk of failure)
Confirm with . or Enter, or press ? or * to list all spells.
You can't see any susceptible monsters within range! (Use Z to cast anyway.)
You butcher the dart slug corpse.
b - a chunk of flesh You see here a stone.
Eating a chunk of flesh.
You eat the chunk of flesh.
This raw flesh tastes terrible.
Done exploring.
Done exploring.
Done exploring.
Search for what [Enter for "."]? .
Are you sure you want to abandon this character and quit the game? (Confirm with "yes".)

########%# #.# #.##.#
#........# #.#
##.##.#########
#.######## #.#
#.#............
####.##########.#
##.##.#########
#............##.# ####.#
#.##.#######.##.#######%#
#.##.# #.##.##......#
#.##.# #.##.##.######
#.##.#### #.##@##.#
#.##....# #.##.##.# ##
#.#####.# #.##.##.### #.
#.# #.# #.##......# ####.
#.#####.####.##......#
#....
#....................#
#....
#..####..###.#.#.....#
#....
#............#.#.....#
#....
##.####..#####.##....###
#...#


There were no monsters in sight!

Vanquished Creatures
  A gnoll (D:1)
  2 dart slugs (D:1)
  5 bats (D:1)
  A giant cockroach (D:1)
  2 hobgoblins (D:1)
  A frilled lizard (D:1)
  15 rats (D:1)
27 creatures vanquished.

Notes
Turn   | Place    | Note
-------+----------+-------------------------------------------
     0 | D:1      | Duffy the Deep Elf Fire Elementalist began the quest for
                  | the Orb.
     0 | D:1      | Reached XP level 1. HP: 10/10 MP: 6/6
   151 | D:1      | Reached XP level 2. HP: 15/15 MP: 1/8
   298 | D:1      | Found a glowing golden altar of the Shining One.
   359 | D:1      | Became a worshipper of the Shining One
   628 | D:1      | Reached XP level 3. HP: 13/19 MP: 1/9
   633 | D:1      | Learned a level 3 spell: Conjure Flame
  1170 | D:1      | Quit the game

Vault maps used:
D:1:      erik_arrival_orb_chamber, tso_altar

Skill      XL: |  1  2 |
---------------+-------+-----
Conjurations   | 2 3 |  3.3
Dodging        | |  2.4
Stealth        | |  2.4
Spellcasting   | |  3.1
Fire Magic     | |  3.3

Action                   || total
-------------------------++-------
 Cast: Flame Tongue      ||    41
  Eat: Chunk             ||     1
Armor: Robe              ||     1
Dodge: Dodged            ||     9

Table legend:
 A = Non-vault XP
 B = Vault XP
 C = Vault XP percentage of total XP
 D = Non-vault monster count
 E = Vault monster count
 F = Vault count percentage of total count
                 A         B        C        D         E       F
            +---------+---------+-------+---------+---------+-------
      Total |      39 |      12 |  23.5 |      15 |      12 |  44.4
            +---------+---------+-------+---------+---------+-------
        D:1 |      39 |      12 |  23.5 |      15 |      12 |  44.4
            +---------+---------+-------+---------+---------+-------
